[ AOE2 MATCH · #495391858 ]
UnrankedBohemians vs Bohemians
Player's team · LOSS
Rival team · WIN
[ REPLAY ANALYSIS · EXTRACTED FROM THE RECORDED GAME ]
Feudal
—
Castle
—
Imperial
—
| APM avg | 52.2 |
| APM peak | 128 |
| eAPM avg | 21.2 |
| Villagers / military | 68 / 0 |
Focus
⚔️ 33.1% · 🌾 66.9%
Feudal
11:32
Castle
—
Imperial
—
| APM avg | 56.2 |
| APM peak | 130 |
| eAPM avg | 21.8 |
| Villagers / military | 31 / 0 |
Focus
⚔️ 48.1% · 🌾 51.9%
Match map
Initial resources + every placement click. Lines = walls · curves = elevation contours. ◆ gold · ⬟ stone · ● berries · ✦ relic · ◌ wall gap
Your base· Open — unwalled flank
RedPhosphoru's base· Open — 4t gap
Smoothed initial terrain · ◌ = detected wall gap · hover for details
Inputs per minute
— mordicchiotto - - RedPhosphoru
Build order — mordicchiotto
87 actions detected in the replay
| 0:01 | Create | Villager (Male) |
| 0:01 | Create | Villager (Male) |
| 0:02 | Build | House |
| 0:03 | Build | House |
| 0:14 | Create | Villager (Male) |
| 0:14 | Create | Villager (Male) |
| 0:14 | Create | Villager (Male) |
| 1:25 | Create | Villager (Male) |
| 1:46 | Create | Villager (Male) |
| 2:29 | Create | Villager (Male) |
| 2:29 | Create | Villager (Male) |
| 2:30 | Create | Villager (Male) |
| 2:30 | Create | Villager (Male) |
| 2:50 | Build | Lumber Camp |
| 3:19 | Create | Villager (Male) |
| 3:19 | Create | Villager (Male) |
| 3:19 | Create | Villager (Male) |
| 3:31 | Create | Villager (Male) |
| 4:20 | Create | Villager (Male) |
| 4:25 | Create | Villager (Male) |
| 4:26 | Create | Villager (Male) |
| 4:26 | Create | Villager (Male) |
| 4:37 | Research | Loom |
| 4:37 | Research | Loom |
| 4:38 | Build | House |
| 4:42 | Create | Villager (Male) |
| 4:42 | Create | Villager (Male) |
| 4:42 | Create | Villager (Male) |
| 5:02 | Build | Mill |
| 5:06 | Create | Villager (Male) |
| 5:06 | Create | Villager (Male) |
| 5:06 | Create | Villager (Male) |
| 5:27 | Create | Villager (Male) |
| 5:28 | Create | Villager (Male) |
| 5:37 | Build | House |
| 5:54 | Build | Farm |
| 6:15 | Create | Villager (Male) |
| 6:15 | Create | Villager (Male) |
| 6:58 | Build | Palisade Gate |
| 7:13 | Build | Palisade Wall |
| 7:34 | Create | Villager (Male) |
| 7:53 | Create | Villager (Male) |
| 8:20 | Create | Villager (Male) |
| 8:52 | Create | Villager (Male) |
| 9:10 | Build | House |
| 9:36 | Create | Villager (Male) |
| 9:45 | Build | House |
| 10:22 | Build | Town Center |
| 10:24 | Build | Palisade Wall |
| 11:05 | Create | Villager (Male) |
| 11:05 | Create | Villager (Male) |
| 11:05 | Create | Villager (Male) |
| 11:07 | Create | Villager (Male) |
| 11:07 | Create | Villager (Male) |
| 11:08 | Create | Villager (Male) |
| 11:50 | Create | Villager (Male) |
| 11:51 | Create | Villager (Male) |
| 13:36 | Create | Villager (Male) |
| 13:38 | Create | Villager (Male) |
| 14:28 | Create | Villager (Male) |
| 14:28 | Create | Villager (Male) |
| 14:48 | Create | Villager (Male) |
| 14:48 | Create | Villager (Male) |
| 15:01 | Build | Lumber Camp |
| 15:20 | Create | Villager (Male) |
| 15:20 | Create | Villager (Male) |
| 15:20 | Create | Villager (Male) |
| 15:24 | Build | House |
| 16:40 | Build | Farm |
| 18:17 | Create | Villager (Male) |
| 18:17 | Create | Villager (Male) |
| 18:42 | Create | Villager (Male) |
| 18:42 | Create | Villager (Male) |
| 18:52 | Create | Villager (Male) |
| 18:52 | Create | Villager (Male) |
| 18:52 | Create | Villager (Male) |
| 18:56 | Build | House |
| 20:07 | Create | Villager (Male) |
| 20:08 | Create | Villager (Male) |
| 20:39 | Create | Villager (Male) |
| 20:40 | Create | Villager (Male) |
| 20:40 | Create | Villager (Male) |
| 21:24 | Create | Villager (Male) |
| 21:24 | Create | Villager (Male) |
| 21:59 | Create | Villager (Male) |
| 21:59 | Create | Villager (Male) |
| 22:51 | Create | Villager (Male) |
Build order — RedPhosphoru
62 actions detected in the replay
| 0:00 | Create | Villager (Male) |
| 0:00 | Create | Villager (Male) |
| 0:02 | Build | House |
| 0:03 | Build | House |
| 0:05 | Create | Villager (Male) |
| 0:07 | Create | Villager (Male) |
| 1:13 | Create | Villager (Male) |
| 1:49 | Create | Villager (Male) |
| 2:10 | Create | Villager (Male) |
| 2:39 | Create | Villager (Male) |
| 3:09 | Create | Villager (Male) |
| 3:42 | Create | Villager (Male) |
| 4:04 | Create | Villager (Male) |
| 4:21 | Create | Villager (Male) |
| 4:42 | Create | Villager (Male) |
| 4:44 | Build | House |
| 4:51 | Create | Villager (Male) |
| 5:28 | Build | Lumber Camp |
| 5:45 | Create | Villager (Male) |
| 5:54 | Create | Villager (Male) |
| 6:02 | Create | Villager (Male) |
| 6:24 | Build | House |
| 7:04 | Research | Loom |
| 7:05 | Research | Loom |
| 7:08 | Build | House |
| 7:34 | Create | Villager (Male) |
| 7:45 | Create | Villager (Male) |
| 8:15 | Create | Villager (Male) |
| 8:35 | Create | Villager (Male) |
| 8:56 | Build | Mill |
| 9:05 | Build | Palisade Wall |
| 9:21 | Build | Palisade Wall |
| 9:22 | Research | Feudal Age |
| 9:36 | Build | Palisade Wall |
| 9:37 | Build | Palisade Wall |
| 9:54 | Build | Palisade Wall |
| 10:00 | Build | Palisade Wall |
| 10:21 | Create | Villager (Male) |
| 10:24 | Create | Villager (Male) |
| 10:28 | Build | Palisade Wall |
| 10:39 | Build | Palisade Wall |
| 10:42 | Create | Villager (Male) |
| 10:45 | Create | Villager (Male) |
| 11:32 | Age | Feudal Age |
| 11:35 | Build | Blacksmith |
| 11:43 | Research | Double-Bit Axe |
| 12:18 | Research | Fletching |
| 12:19 | Research | Fletching |
| 12:29 | Build | Palisade Wall |
| 12:32 | Build | Palisade Wall |
| 15:24 | Create | Villager (Male) |
| 15:34 | Build | House |
| 15:39 | Build | House |
| 16:01 | Create | Villager (Male) |
| 16:50 | Create | Villager (Male) |
| 17:20 | Build | Palisade Wall |
| 17:36 | Build | Palisade Wall |
| 17:37 | Create | Villager (Male) |
| 18:30 | Create | Villager (Male) |
| 18:30 | Create | Villager (Male) |
| 18:59 | Build | Palisade Wall |
| 20:42 | Build | Palisade Wall |
Match timeline
| 7:13 | mordicchiotto · wall_segment Palisade Wall x4 |
| 9:05 | RedPhosphoru · wall_segment Palisade Wall x6 |
| 9:21 | RedPhosphoru · wall_segment Palisade Wall x5 |
| 9:36 | RedPhosphoru · wall_segment Palisade Wall x1 |
| 9:37 | RedPhosphoru · wall_segment Palisade Wall x1 |
| 9:54 | RedPhosphoru · wall_segment Palisade Wall x6 |
| 10:00 | RedPhosphoru · wall_segment Palisade Wall x1 |
| 10:24 | mordicchiotto · wall_segment Palisade Wall x1 |
| 10:28 | RedPhosphoru · wall_segment Palisade Wall x7 |
| 10:39 | RedPhosphoru · wall_segment Palisade Wall x1 |
| 11:32 | RedPhosphoru · age_up feudal |
| 12:29 | RedPhosphoru · wall_segment Palisade Wall x1 |
| 12:32 | RedPhosphoru · wall_segment Palisade Wall x1 |
| 17:20 | RedPhosphoru · wall_segment Palisade Wall x1 |
| 17:36 | RedPhosphoru · wall_segment Palisade Wall x1 |
| 18:59 | RedPhosphoru · wall_segment Palisade Wall x1 |
| 20:42 | RedPhosphoru · wall_segment Palisade Wall x1 |
| 23:50 | mordicchiotto · resign |
[ AI ANALYSIS · 1 CREDIT ]
What really happened in this match?
Wolo.gg analyzes every decision: build order, eco, micro, common mistakes by bracket. Personalized analysis on WhatsApp or Discord in 30 seconds.
Civ guide
Bohemians
Perfil
Jugador #2532568